 Dungeon Crawl Stone Soup version 0.16-a0-3218-g9b393b2 (webtiles) character file.

68 myeffort the Digger (level 4, 0/36 HPs)
             Began as a Deep Dwarf Earth Elementalist on Dec 20, 2014.
             Slain by an adder (4 damage)
             ... on level 2 of the Dungeon.
             The game lasted 00:03:56 (1213 turns).

myeffort the Digger (Deep Dwarf Earth Elementalist) Turns: 1213, Time: 00:03:56

Health: 0/36       AC:  2    Str: 13    XL:     4   Next: 1%
Magic:  9/9        EV: 12    Int: 15    God:
Gold:   132        SH:  0    Dex: 13    Spells: 2 memorised, 6 levels left

rFire  . . .     SeeInvis .     a - +1 spear (venom)
rCold  . . .     Clarity  .     c - +0 robe
rNeg   . . .     SustAb   .     (no shield)
rPois  .         Gourm    .     (no helmet)
rElec  .         Spirit   .     (no cloak)
rCorr  .         Warding  .     (no gloves)
rMut   .         Stasis   .     (no boots)
MR     .....                    (no amulet)
Stlth  ++........               (no ring)
                                (no ring)

@: non-regenerating, not resistant to hostile enchantments, unstealthy
A: damage resistance, recharge devices, sense surroundings 1, slow healing 3
a: Device Recharging


You were on level 2 of the Dungeon.
You were not hungry.

You visited 1 branch of the dungeon, and saw 2 of its levels.

You collected 132 gold pieces.

Inventory:

Hand weapons
 a - a +1 spear of venom (weapon)
Armour
 c - a +0 robe (worn)
Magical devices
 g - a wand of heal wounds (5)
Scrolls
 h - a scroll of teleportation {unknown}
 j - a scroll of enchant armour {unknown}
 l - a scroll of fog {unknown}
 m - a scroll of amnesia {unknown}
 n - a scroll of identify {unknown}
 o - a scroll of noise {unknown}
 q - 2 scrolls of random uselessness {unknown}
Potions
 b - a potion of curing {unknown}
 e - a potion of agility {unknown}
 i - a potion of beneficial mutation {unknown}
 r - a potion of lignification {unknown}
 s - a potion of resistance {unknown}
 u - a potion of cancellation {unknown}
Books
 d - a book of Geomancy

   Spells                             Type                      Level
   a - Sandblast                      Earth                        1
   b - Stoneskin                      Transmutation/Earth          2
   c - Passwall                       Transmutation/Earth          3
   d - Stone Arrow                    Conjuration/Earth            3
   e - Petrify                        Transmutation/Earth          4
   f - Lee's Rapid Deconstruction     Earth                        5
Comestibles
 f - 2 bread rations
 k - a beef jerky
 p - 3 chunks of flesh
 t - a meat ration


   Skills:
 - Level 2.1 Dodging
 + Level 3.4 Stealth
 - Level 3.0 Spellcasting
 - Level 0.8 Transmutations
 + Level 4.5 Earth Magic


You had 6 spell levels left.
You knew the following spells:

 Your Spells              Type           Power        Failure   Level  Hunger
a - Sandblast             Erth           ###...       3%          1    #......
b - Stoneskin             Trmt/Erth      ##......     12%         2    ##.....


Dungeon Overview and Level Annotations

Branches:
Dungeon (2/15)

Altars:


Innate Abilities, Weirdness & Mutations

You are resistant to damage.
You can recharge devices by infusing magical energy.
You passively map a small area around you.
You do not heal naturally.


Message History

You are too injured to fight recklessly!
You are too injured to fight recklessly!
Attack whom?
Press: ? - help, Dir - move target cursor, f - adder
Aim: an adder (hasn't noticed you)
You reach to attack!
You miss the adder.
Attack whom?
Press: ? - help, Dir - move target cursor, f/p - adder
Aim: an adder You closely miss the adder.
The adder closely misses you. The adder bites you.
* * * LOW HITPOINT WARNING * * *
You barely miss the adder. The adder misses you.
You closely miss the adder. The adder bites you. The adder bites you.
* * * LOW HITPOINT WARNING * * *
You barely miss the adder. The adder bites you but does no damage.
You closely miss the adder. The adder bites you but does no damage.
You hit the adder.
The adder is poisoned.
The adder is lightly wounded.
The adder bites you.
You die...

#.# #.....##.
#.# ,
#........ #.#
≈ #.....###
#.# #.....#
#.# *
,#.....# #.#
*, #.....#
#.# .≈.....#
#.# *
≈....... #@#
,* #####.#
#S# #####.# #
#.#
>......##.
*#.#*
...[...l.#.
...
.......<....
?..
...........#
...
...........#
####.
............#
...g.........


You could see an adder.

Vanquished Creatures
  An adder (D:2)
  A gnoll (D:1)
  A giant gecko (D:1)
  7 bats
  2 giant cockroaches (D:2)
  6 goblins
  4 hobgoblins
  10 jackals (D:2)
  A quokka (D:2)
  A ball python (D:1)
  3 giant newts (D:1)
  5 kobolds (D:1)
  3 rats
45 creatures vanquished.

Notes
Turn   | Place    | Note
--------------------------------------------------------------
     0 | D:1      | myeffort, the Deep Dwarf Earth Elementalist, began the quest for the Orb.
     0 | D:1      | Reached XP level 1. HP: 15/15 MP: 2/2
   287 | D:1      | Reached XP level 2. HP: 20/22 MP: 5/5
   728 | D:1      | Reached XP level 3. HP: 16/28 MP: 0/7
   866 | D:2      | Learned a level 2 spell: Stoneskin
  1199 | D:2      | Reached XP level 4. HP: 7/36 MP: 9/9
  1213 | D:2      | Slain by an adder

Action                   |  1- 3 |  4- 6 || total
-------------------------+-------+-------++-------
Melee: Spear             |    65 |     7 ||    72
       Unarmed           |     5 |       ||     5
 Cast: Sandblast         |    38 |       ||    38
 Stab: Sleeping          |     1 |       ||     1
  Eat: Chunk             |     1 |       ||     1
